Workbook

Sheet Produits_Stock
A1: Référence | B1: Désignation | C1: Catégorie | D1: Fournisseur | E1: Ville fournisseur | F1: Stock initial | G1: Entrées | H1: Sorties facturées | I1: Stock disponible | J1: Stock minimum | K1: Prix d’achat HT | L1: Prix de vente HT | M1: TVA | N1: Valeur du stock HT | O1: Statut stock | Q1: Taux de TVA disponibles
A2: P-CAF-001 | B2: Café grains 1 kg | C2: Boissons | D2: Maison Dupont SAS | E2: Lyon | F2: 42 | G2: 10 | H2: =IF(A2="","",SUMIF('Factures'!$F:$F,A2,'Factures'!$H:$H)) | I2: =IF(A2="","",F2+G2-H2) | J2: 40 | K2: 18.5 | L2: 29.9 | M2: 0.055 | N2: =IF(A2="","",I2*K2) | O2: =IF(A2="","",IF(I2<=J2,"À réapprovisionner","OK")) | Q2: 0.2
A3: P-THE-002 | B3: Thé vert bio | C3: Boissons | D3: Épicerie Martin | E3: Paris | F3: 28 | G3: 5 | H3: =IF(A3="","",SUMIF('Factures'!$F:$F,A3,'Factures'!$H:$H)) | I3: =IF(A3="","",F3+G3-H3) | J3: 25 | K3: 8.2 | L3: 14.5 | M3: 0.055 | N3: =IF(A3="","",I3*K3) | O3: =IF(A3="","",IF(I3<=J3,"À réapprovisionner","OK")) | Q3: 0.1
A4: P-BIS-003 | B4: Biscuits artisanaux | C4: Épicerie | D4: Bretagne Distribution | E4: Nantes | F4: 35 | G4: 0 | H4: =IF(A4="","",SUMIF('Factures'!$F:$F,A4,'Factures'!$H:$H)) | I4: =IF(A4="","",F4+G4-H4) | J4: 30 | K4: 3.1 | L4: 5.9 | M4: 0.055 | N4: =IF(A4="","",I4*K4) | O4: =IF(A4="","",IF(I4<=J4,"À réapprovisionner","OK")) | Q4: 0.055
A5: P-JUS-004 | B5: Jus de pomme bio | C5: Boissons | D5: Bretagne Distribution | E5: Rennes | F5: 24 | G5: 12 | H5: =IF(A5="","",SUMIF('Factures'!$F:$F,A5,'Factures'!$H:$H)) | I5: =IF(A5="","",F5+G5-H5) | J5: 20 | K5: 2.4 | L5: 4.8 | M5: 0.055 | N5: =IF(A5="","",I5*K5) | O5: =IF(A5="","",IF(I5<=J5,"À réapprovisionner","OK")) | Q5: 0.021
A6: P-CHO-005 | B6: Chocolat noir 70 % | C6: Épicerie | D6: Maison Dupont SAS | E6: Bordeaux | F6: 31 | G6: 0 | H6: =IF(A6="","",SUMIF('Factures'!$F:$F,A6,'Factures'!$H:$H)) | I6: =IF(A6="","",F6+G6-H6) | J6: 25 | K6: 2.8 | L6: 5.2 | M6: 0.055 | N6: =IF(A6="","",I6*K6) | O6: =IF(A6="","",IF(I6<=J6,"À réapprovisionner","OK"))
A7: P-SAV-006 | B7: Savon liquide | C7: Hygiène | D7: Sud Approvisionnement | E7: Marseille | F7: 18 | G7: 5 | H7: =IF(A7="","",SUMIF('Factures'!$F:$F,A7,'Factures'!$H:$H)) | I7: =IF(A7="","",F7+G7-H7) | J7: 18 | K7: 2.6 | L7: 5.9 | M7: 0.2 | N7: =IF(A7="","",I7*K7) | O7: =IF(A7="","",IF(I7<=J7,"À réapprovisionner","OK"))
A8: P-KRA-007 | B8: Sacs kraft | C8: Emballage | D8: Nord Emballages | E8: Lille | F8: 120 | G8: 30 | H8: =IF(A8="","",SUMIF('Factures'!$F:$F,A8,'Factures'!$H:$H)) | I8: =IF(A8="","",F8+G8-H8) | J8: 100 | K8: 0.18 | L8: 0.45 | M8: 0.2 | N8: =IF(A8="","",I8*K8) | O8: =IF(A8="","",IF(I8<=J8,"À réapprovisionner","OK"))
A9: P-GOB-008 | B9: Gobelets carton | C9: Emballage | D9: Sud Approvisionnement | E9: Toulouse | F9: 250 | G9: 100 | H9: =IF(A9="","",SUMIF('Factures'!$F:$F,A9,'Factures'!$H:$H)) | I9: =IF(A9="","",F9+G9-H9) | J9: 220 | K9: 0.08 | L9: 0.22 | M9: 0.2 | N9: =IF(A9="","",I9*K9) | O9: =IF(A9="","",IF(I9<=J9,"À réapprovisionner","OK"))
A10: P-SER-009 | B10: Serviettes papier | C10: Emballage | D10: Papier Méditerranée | E10: Montpellier | F10: 180 | G10: 20 | H10: =IF(A10="","",SUMIF('Factures'!$F:$F,A10,'Factures'!$H:$H)) | I10: =IF(A10="","",F10+G10-H10) | J10: 170 | K10: 0.04 | L10: 0.12 | M10: 0.2 | N10: =IF(A10="","",I10*K10) | O10: =IF(A10="","",IF(I10<=J10,"À réapprovisionner","OK"))
A11: P-CAP-010 | B11: Capsules café | C11: Boissons | D11: Alsace Fournitures | E11: Strasbourg | F11: 65 | G11: 0 | H11: =IF(A11="","",SUMIF('Factures'!$F:$F,A11,'Factures'!$H:$H)) | I11: =IF(A11="","",F11+G11-H11) | J11: 50 | K11: 0.22 | L11: 0.48 | M11: 0.055 | N11: =IF(A11="","",I11*K11) | O11: =IF(A11="","",IF(I11<=J11,"À réapprovisionner","OK"))
H12: =IF(A12="","",SUMIF('Factures'!$F:$F,A12,'Factures'!$H:$H)) | I12: =IF(A12="","",F12+G12-H12) | N12: =IF(A12="","",I12*K12) | O12: =IF(A12="","",IF(I12<=J12,"À réapprovisionner","OK"))
H13: =IF(A13="","",SUMIF('Factures'!$F:$F,A13,'Factures'!$H:$H)) | I13: =IF(A13="","",F13+G13-H13) | N13: =IF(A13="","",I13*K13) | O13: =IF(A13="","",IF(I13<=J13,"À réapprovisionner","OK"))
H14: =IF(A14="","",SUMIF('Factures'!$F:$F,A14,'Factures'!$H:$H)) | I14: =IF(A14="","",F14+G14-H14) | N14: =IF(A14="","",I14*K14) | O14: =IF(A14="","",IF(I14<=J14,"À réapprovisionner","OK"))
H15: =IF(A15="","",SUMIF('Factures'!$F:$F,A15,'Factures'!$H:$H)) | I15: =IF(A15="","",F15+G15-H15) | N15: =IF(A15="","",I15*K15) | O15: =IF(A15="","",IF(I15<=J15,"À réapprovisionner","OK"))
H16: =IF(A16="","",SUMIF('Factures'!$F:$F,A16,'Factures'!$H:$H)) | I16: =IF(A16="","",F16+G16-H16) | N16: =IF(A16="","",I16*K16) | O16: =IF(A16="","",IF(I16<=J16,"À réapprovisionner","OK"))
H17: =IF(A17="","",SUMIF('Factures'!$F:$F,A17,'Factures'!$H:$H)) | I17: =IF(A17="","",F17+G17-H17) | N17: =IF(A17="","",I17*K17) | O17: =IF(A17="","",IF(I17<=J17,"À réapprovisionner","OK"))
H18: =IF(A18="","",SUMIF('Factures'!$F:$F,A18,'Factures'!$H:$H)) | I18: =IF(A18="","",F18+G18-H18) | N18: =IF(A18="","",I18*K18) | O18: =IF(A18="","",IF(I18<=J18,"À réapprovisionner","OK"))
H19: =IF(A19="","",SUMIF('Factures'!$F:$F,A19,'Factures'!$H:$H)) | I19: =IF(A19="","",F19+G19-H19) | N19: =IF(A19="","",I19*K19) | O19: =IF(A19="","",IF(I19<=J19,"À réapprovisionner","OK"))
H20: =IF(A20="","",SUMIF('Factures'!$F:$F,A20,'Factures'!$H:$H)) | I20: =IF(A20="","",F20+G20-H20) | N20: =IF(A20="","",I20*K20) | O20: =IF(A20="","",IF(I20<=J20,"À réapprovisionner","OK"))
H21: =IF(A21="","",SUMIF('Factures'!$F:$F,A21,'Factures'!$H:$H)) | I21: =IF(A21="","",F21+G21-H21) | N21: =IF(A21="","",I21*K21) | O21: =IF(A21="","",IF(I21<=J21,"À réapprovisionner","OK"))
H22: =IF(A22="","",SUMIF('Factures'!$F:$F,A22,'Factures'!$H:$H)) | I22: =IF(A22="","",F22+G22-H22) | N22: =IF(A22="","",I22*K22) | O22: =IF(A22="","",IF(I22<=J22,"À réapprovisionner","OK"))
H23: =IF(A23="","",SUMIF('Factures'!$F:$F,A23,'Factures'!$H:$H)) | I23: =IF(A23="","",F23+G23-H23) | N23: =IF(A23="","",I23*K23) | O23: =IF(A23="","",IF(I23<=J23,"À réapprovisionner","OK"))
... H101: =IF(A101="","",SUMIF('Factures'!$F:$F,A101,'Factures'!$H:$H)) | I101: =IF(A101="","",F101+G101-H101) | N101: =IF(A101="","",I101*K101) | O101: =IF(A101="","",IF(I101<=J101,"À réapprovisionner","OK"))

Sheet Factures
A1: N° facture | B1: Date facture | C1: Date échéance | D1: Client | E1: Ville | F1: Référence produit | G1: Désignation | H1: Quantité | I1: Prix unitaire HT | J1: TVA | K1: Total HT | L1: Montant TVA | M1: Total TTC | N1: Statut paiement | O1: Date règlement | P1: Retard de paiement | Q1: Références disponibles
A2: FAC-2026-001 | B2: 46028 | C2: 46058 | D2: Café des Terreaux | E2: Paris | F2: P-CAF-001 | G2: =IF(F2="","",IFERROR(VLOOKUP(F2,'Produits_Stock'!$A:$M,2,FALSE),"Référence inconnue")) | H2: 8 | I2: =IF(F2="","",IFERROR(VLOOKUP(F2,'Produits_Stock'!$A:$M,12,FALSE),0)) | J2: =IF(F2="","",IFERROR(VLOOKUP(F2,'Produits_Stock'!$A:$M,13,FALSE),0.2)) | K2: =IF(OR(H2="",I2=""),"",H2*I2) | L2: =IF(K2="","",K2*J2) | M2: =IF(K2="","",K2+L2) | N2: Payée | O2: 46046 | P2: =IF(OR(C2="",N2=""),"",IF(AND(N2<>"Payée",TODAY()>C2),TODAY()-C2,0)) | Q2: =IF('Produits_Stock'!A2="","",'Produits_Stock'!A2)
A3: FAC-2026-002 | B3: 46051 | C3: 46081 | D3: Bureau Atlas | E3: Lyon | F3: P-THE-002 | G3: =IF(F3="","",IFERROR(VLOOKUP(F3,'Produits_Stock'!$A:$M,2,FALSE),"Référence inconnue")) | H3: 4 | I3: =IF(F3="","",IFERROR(VLOOKUP(F3,'Produits_Stock'!$A:$M,12,FALSE),0)) | J3: =IF(F3="","",IFERROR(VLOOKUP(F3,'Produits_Stock'!$A:$M,13,FALSE),0.2)) | K3: =IF(OR(H3="",I3=""),"",H3*I3) | L3: =IF(K3="","",K3*J3) | M3: =IF(K3="","",K3+L3) | N3: Payée | O3: 46068 | P3: =IF(OR(C3="",N3=""),"",IF(AND(N3<>"Payée",TODAY()>C3),TODAY()-C3,0)) | Q3: =IF('Produits_Stock'!A3="","",'Produits_Stock'!A3)
A4: FAC-2026-003 | B4: 46071 | C4: 46101 | D4: Hôtel Bellecour | E4: Marseille | F4: P-BIS-003 | G4: =IF(F4="","",IFERROR(VLOOKUP(F4,'Produits_Stock'!$A:$M,2,FALSE),"Référence inconnue")) | H4: 9 | I4: =IF(F4="","",IFERROR(VLOOKUP(F4,'Produits_Stock'!$A:$M,12,FALSE),0)) | J4: =IF(F4="","",IFERROR(VLOOKUP(F4,'Produits_Stock'!$A:$M,13,FALSE),0.2)) | K4: =IF(OR(H4="",I4=""),"",H4*I4) | L4: =IF(K4="","",K4*J4) | M4: =IF(K4="","",K4+L4) | N4: En retard | P4: =IF(OR(C4="",N4=""),"",IF(AND(N4<>"Payée",TODAY()>C4),TODAY()-C4,0)) | Q4: =IF('Produits_Stock'!A4="","",'Produits_Stock'!A4)
A5: FAC-2026-004 | B5: 46093 | C5: 46123 | D5: Restaurant La Canopée | E5: Toulouse | F5: P-JUS-004 | G5: =IF(F5="","",IFERROR(VLOOKUP(F5,'Produits_Stock'!$A:$M,2,FALSE),"Référence inconnue")) | H5: 6 | I5: =IF(F5="","",IFERROR(VLOOKUP(F5,'Produits_Stock'!$A:$M,12,FALSE),0)) | J5: =IF(F5="","",IFERROR(VLOOKUP(F5,'Produits_Stock'!$A:$M,13,FALSE),0.2)) | K5: =IF(OR(H5="",I5=""),"",H5*I5) | L5: =IF(K5="","",K5*J5) | M5: =IF(K5="","",K5+L5) | N5: Payée | O5: 46117 | P5: =IF(OR(C5="",N5=""),"",IF(AND(N5<>"Payée",TODAY()>C5),TODAY()-C5,0)) | Q5: =IF('Produits_Stock'!A5="","",'Produits_Stock'!A5)
A6: FAC-2026-005 | B6: 46119 | C6: 46149 | D6: Épicerie du Port | E6: Bordeaux | F6: P-CHO-005 | G6: =IF(F6="","",IFERROR(VLOOKUP(F6,'Produits_Stock'!$A:$M,2,FALSE),"Référence inconnue")) | H6: 7 | I6: =IF(F6="","",IFERROR(VLOOKUP(F6,'Produits_Stock'!$A:$M,12,FALSE),0)) | J6: =IF(F6="","",IFERROR(VLOOKUP(F6,'Produits_Stock'!$A:$M,13,FALSE),0.2)) | K6: =IF(OR(H6="",I6=""),"",H6*I6) | L6: =IF(K6="","",K6*J6) | M6: =IF(K6="","",K6+L6) | N6: En attente | P6: =IF(OR(C6="",N6=""),"",IF(AND(N6<>"Payée",TODAY()>C6),TODAY()-C6,0)) | Q6: =IF('Produits_Stock'!A6="","",'Produits_Stock'!A6)
A7: FAC-2026-006 | B7: 46146 | C7: 46176 | D7: SAS Horizon | E7: Lille | F7: P-SAV-006 | G7: =IF(F7="","",IFERROR(VLOOKUP(F7,'Produits_Stock'!$A:$M,2,FALSE),"Référence inconnue")) | H7: 5 | I7: =IF(F7="","",IFERROR(VLOOKUP(F7,'Produits_Stock'!$A:$M,12,FALSE),0)) | J7: =IF(F7="","",IFERROR(VLOOKUP(F7,'Produits_Stock'!$A:$M,13,FALSE),0.2)) | K7: =IF(OR(H7="",I7=""),"",H7*I7) | L7: =IF(K7="","",K7*J7) | M7: =IF(K7="","",K7+L7) | N7: Payée | O7: 46171 | P7: =IF(OR(C7="",N7=""),"",IF(AND(N7<>"Payée",TODAY()>C7),TODAY()-C7,0)) | Q7: =IF('Produits_Stock'!A7="","",'Produits_Stock'!A7)
A8: FAC-2026-007 | B8: 46175 | C8: 46205 | D8: Maison Léa | E8: Nantes | F8: P-KRA-007 | G8: =IF(F8="","",IFERROR(VLOOKUP(F8,'Produits_Stock'!$A:$M,2,FALSE),"Référence inconnue")) | H8: 40 | I8: =IF(F8="","",IFERROR(VLOOKUP(F8,'Produits_Stock'!$A:$M,12,FALSE),0)) | J8: =IF(F8="","",IFERROR(VLOOKUP(F8,'Produits_Stock'!$A:$M,13,FALSE),0.2)) | K8: =IF(OR(H8="",I8=""),"",H8*I8) | L8: =IF(K8="","",K8*J8) | M8: =IF(K8="","",K8+L8) | N8: En retard | P8: =IF(OR(C8="",N8=""),"",IF(AND(N8<>"Payée",TODAY()>C8),TODAY()-C8,0)) | Q8: =IF('Produits_Stock'!A8="","",'Produits_Stock'!A8)
A9: FAC-2026-008 | B9: 46197 | C9: 46227 | D9: Atelier Nicolas | E9: Strasbourg | F9: P-GOB-008 | G9: =IF(F9="","",IFERROR(VLOOKUP(F9,'Produits_Stock'!$A:$M,2,FALSE),"Référence inconnue")) | H9: 80 | I9: =IF(F9="","",IFERROR(VLOOKUP(F9,'Produits_Stock'!$A:$M,12,FALSE),0)) | J9: =IF(F9="","",IFERROR(VLOOKUP(F9,'Produits_Stock'!$A:$M,13,FALSE),0.2)) | K9: =IF(OR(H9="",I9=""),"",H9*I9) | L9: =IF(K9="","",K9*J9) | M9: =IF(K9="","",K9+L9) | N9: En attente | P9: =IF(OR(C9="",N9=""),"",IF(AND(N9<>"Payée",TODAY()>C9),TODAY()-C9,0)) | Q9: =IF('Produits_Stock'!A9="","",'Produits_Stock'!A9)
A10: FAC-2026-009 | B10: 46218 | C10: 46248 | D10: Bistrot Camille | E10: Nice | F10: P-SER-009 | G10: =IF(F10="","",IFERROR(VLOOKUP(F10,'Produits_Stock'!$A:$M,2,FALSE),"Référence inconnue")) | H10: 35 | I10: =IF(F10="","",IFERROR(VLOOKUP(F10,'Produits_Stock'!$A:$M,12,FALSE),0)) | J10: =IF(F10="","",IFERROR(VLOOKUP(F10,'Produits_Stock'!$A:$M,13,FALSE),0.2)) | K10: =IF(OR(H10="",I10=""),"",H10*I10) | L10: =IF(K10="","",K10*J10) | M10: =IF(K10="","",K10+L10) | N10: En retard | P10: =IF(OR(C10="",N10=""),"",IF(AND(N10<>"Payée",TODAY()>C10),TODAY()-C10,0)) | Q10: =IF('Produits_Stock'!A10="","",'Produits_Stock'!A10)
A11: FAC-2026-010 | B11: 46232 | C11: 46262 | D11: SARL Martin | E11: Grenoble | F11: P-CAP-010 | G11: =IF(F11="","",IFERROR(VLOOKUP(F11,'Produits_Stock'!$A:$M,2,FALSE),"Référence inconnue")) | H11: 18 | I11: =IF(F11="","",IFERROR(VLOOKUP(F11,'Produits_Stock'!$A:$M,12,FALSE),0)) | J11: =IF(F11="","",IFERROR(VLOOKUP(F11,'Produits_Stock'!$A:$M,13,FALSE),0.2)) | K11: =IF(OR(H11="",I11=""),"",H11*I11) | L11: =IF(K11="","",K11*J11) | M11: =IF(K11="","",K11+L11) | N11: En attente | P11: =IF(OR(C11="",N11=""),"",IF(AND(N11<>"Payée",TODAY()>C11),TODAY()-C11,0)) | Q11: =IF('Produits_Stock'!A11="","",'Produits_Stock'!A11)
G12: =IF(F12="","",IFERROR(VLOOKUP(F12,'Produits_Stock'!$A:$M,2,FALSE),"Référence inconnue")) | I12: =IF(F12="","",IFERROR(VLOOKUP(F12,'Produits_Stock'!$A:$M,12,FALSE),0)) | J12: =IF(F12="","",IFERROR(VLOOKUP(F12,'Produits_Stock'!$A:$M,13,FALSE),0.2)) | K12: =IF(OR(H12="",I12=""),"",H12*I12) | L12: =IF(K12="","",K12*J12) | M12: =IF(K12="","",K12+L12) | P12: =IF(OR(C12="",N12=""),"",IF(AND(N12<>"Payée",TODAY()>C12),TODAY()-C12,0)) | Q12: =IF('Produits_Stock'!A12="","",'Produits_Stock'!A12)
G13: =IF(F13="","",IFERROR(VLOOKUP(F13,'Produits_Stock'!$A:$M,2,FALSE),"Référence inconnue")) | I13: =IF(F13="","",IFERROR(VLOOKUP(F13,'Produits_Stock'!$A:$M,12,FALSE),0)) | J13: =IF(F13="","",IFERROR(VLOOKUP(F13,'Produits_Stock'!$A:$M,13,FALSE),0.2)) | K13: =IF(OR(H13="",I13=""),"",H13*I13) | L13: =IF(K13="","",K13*J13) | M13: =IF(K13="","",K13+L13) | P13: =IF(OR(C13="",N13=""),"",IF(AND(N13<>"Payée",TODAY()>C13),TODAY()-C13,0)) | Q13: =IF('Produits_Stock'!A13="","",'Produits_Stock'!A13)
G14: =IF(F14="","",IFERROR(VLOOKUP(F14,'Produits_Stock'!$A:$M,2,FALSE),"Référence inconnue")) | I14: =IF(F14="","",IFERROR(VLOOKUP(F14,'Produits_Stock'!$A:$M,12,FALSE),0)) | J14: =IF(F14="","",IFERROR(VLOOKUP(F14,'Produits_Stock'!$A:$M,13,FALSE),0.2)) | K14: =IF(OR(H14="",I14=""),"",H14*I14) | L14: =IF(K14="","",K14*J14) | M14: =IF(K14="","",K14+L14) | P14: =IF(OR(C14="",N14=""),"",IF(AND(N14<>"Payée",TODAY()>C14),TODAY()-C14,0)) | Q14: =IF('Produits_Stock'!A14="","",'Produits_Stock'!A14)
G15: =IF(F15="","",IFERROR(VLOOKUP(F15,'Produits_Stock'!$A:$M,2,FALSE),"Référence inconnue")) | I15: =IF(F15="","",IFERROR(VLOOKUP(F15,'Produits_Stock'!$A:$M,12,FALSE),0)) | J15: =IF(F15="","",IFERROR(VLOOKUP(F15,'Produits_Stock'!$A:$M,13,FALSE),0.2)) | K15: =IF(OR(H15="",I15=""),"",H15*I15) | L15: =IF(K15="","",K15*J15) | M15: =IF(K15="","",K15+L15) | P15: =IF(OR(C15="",N15=""),"",IF(AND(N15<>"Payée",TODAY()>C15),TODAY()-C15,0)) | Q15: =IF('Produits_Stock'!A15="","",'Produits_Stock'!A15)
G16: =IF(F16="","",IFERROR(VLOOKUP(F16,'Produits_Stock'!$A:$M,2,FALSE),"Référence inconnue")) | I16: =IF(F16="","",IFERROR(VLOOKUP(F16,'Produits_Stock'!$A:$M,12,FALSE),0)) | J16: =IF(F16="","",IFERROR(VLOOKUP(F16,'Produits_Stock'!$A:$M,13,FALSE),0.2)) | K16: =IF(OR(H16="",I16=""),"",H16*I16) | L16: =IF(K16="","",K16*J16) | M16: =IF(K16="","",K16+L16) | P16: =IF(OR(C16="",N16=""),"",IF(AND(N16<>"Payée",TODAY()>C16),TODAY()-C16,0)) | Q16: =IF('Produits_Stock'!A16="","",'Produits_Stock'!A16)
G17: =IF(F17="","",IFERROR(VLOOKUP(F17,'Produits_Stock'!$A:$M,2,FALSE),"Référence inconnue")) | I17: =IF(F17="","",IFERROR(VLOOKUP(F17,'Produits_Stock'!$A:$M,12,FALSE),0)) | J17: =IF(F17="","",IFERROR(VLOOKUP(F17,'Produits_Stock'!$A:$M,13,FALSE),0.2)) | K17: =IF(OR(H17="",I17=""),"",H17*I17) | L17: =IF(K17="","",K17*J17) | M17: =IF(K17="","",K17+L17) | P17: =IF(OR(C17="",N17=""),"",IF(AND(N17<>"Payée",TODAY()>C17),TODAY()-C17,0)) | Q17: =IF('Produits_Stock'!A17="","",'Produits_Stock'!A17)
G18: =IF(F18="","",IFERROR(VLOOKUP(F18,'Produits_Stock'!$A:$M,2,FALSE),"Référence inconnue")) | I18: =IF(F18="","",IFERROR(VLOOKUP(F18,'Produits_Stock'!$A:$M,12,FALSE),0)) | J18: =IF(F18="","",IFERROR(VLOOKUP(F18,'Produits_Stock'!$A:$M,13,FALSE),0.2)) | K18: =IF(OR(H18="",I18=""),"",H18*I18) | L18: =IF(K18="","",K18*J18) | M18: =IF(K18="","",K18+L18) | P18: =IF(OR(C18="",N18=""),"",IF(AND(N18<>"Payée",TODAY()>C18),TODAY()-C18,0)) | Q18: =IF('Produits_Stock'!A18="","",'Produits_Stock'!A18)
G19: =IF(F19="","",IFERROR(VLOOKUP(F19,'Produits_Stock'!$A:$M,2,FALSE),"Référence inconnue")) | I19: =IF(F19="","",IFERROR(VLOOKUP(F19,'Produits_Stock'!$A:$M,12,FALSE),0)) | J19: =IF(F19="","",IFERROR(VLOOKUP(F19,'Produits_Stock'!$A:$M,13,FALSE),0.2)) | K19: =IF(OR(H19="",I19=""),"",H19*I19) | L19: =IF(K19="","",K19*J19) | M19: =IF(K19="","",K19+L19) | P19: =IF(OR(C19="",N19=""),"",IF(AND(N19<>"Payée",TODAY()>C19),TODAY()-C19,0)) | Q19: =IF('Produits_Stock'!A19="","",'Produits_Stock'!A19)
G20: =IF(F20="","",IFERROR(VLOOKUP(F20,'Produits_Stock'!$A:$M,2,FALSE),"Référence inconnue")) | I20: =IF(F20="","",IFERROR(VLOOKUP(F20,'Produits_Stock'!$A:$M,12,FALSE),0)) | J20: =IF(F20="","",IFERROR(VLOOKUP(F20,'Produits_Stock'!$A:$M,13,FALSE),0.2)) | K20: =IF(OR(H20="",I20=""),"",H20*I20) | L20: =IF(K20="","",K20*J20) | M20: =IF(K20="","",K20+L20) | P20: =IF(OR(C20="",N20=""),"",IF(AND(N20<>"Payée",TODAY()>C20),TODAY()-C20,0)) | Q20: =IF('Produits_Stock'!A20="","",'Produits_Stock'!A20)
G21: =IF(F21="","",IFERROR(VLOOKUP(F21,'Produits_Stock'!$A:$M,2,FALSE),"Référence inconnue")) | I21: =IF(F21="","",IFERROR(VLOOKUP(F21,'Produits_Stock'!$A:$M,12,FALSE),0)) | J21: =IF(F21="","",IFERROR(VLOOKUP(F21,'Produits_Stock'!$A:$M,13,FALSE),0.2)) | K21: =IF(OR(H21="",I21=""),"",H21*I21) | L21: =IF(K21="","",K21*J21) | M21: =IF(K21="","",K21+L21) | P21: =IF(OR(C21="",N21=""),"",IF(AND(N21<>"Payée",TODAY()>C21),TODAY()-C21,0)) | Q21: =IF('Produits_Stock'!A21="","",'Produits_Stock'!A21)
G22: =IF(F22="","",IFERROR(VLOOKUP(F22,'Produits_Stock'!$A:$M,2,FALSE),"Référence inconnue")) | I22: =IF(F22="","",IFERROR(VLOOKUP(F22,'Produits_Stock'!$A:$M,12,FALSE),0)) | J22: =IF(F22="","",IFERROR(VLOOKUP(F22,'Produits_Stock'!$A:$M,13,FALSE),0.2)) | K22: =IF(OR(H22="",I22=""),"",H22*I22) | L22: =IF(K22="","",K22*J22) | M22: =IF(K22="","",K22+L22) | P22: =IF(OR(C22="",N22=""),"",IF(AND(N22<>"Payée",TODAY()>C22),TODAY()-C22,0)) | Q22: =IF('Produits_Stock'!A22="","",'Produits_Stock'!A22)
G23: =IF(F23="","",IFERROR(VLOOKUP(F23,'Produits_Stock'!$A:$M,2,FALSE),"Référence inconnue")) | I23: =IF(F23="","",IFERROR(VLOOKUP(F23,'Produits_Stock'!$A:$M,12,FALSE),0)) | J23: =IF(F23="","",IFERROR(VLOOKUP(F23,'Produits_Stock'!$A:$M,13,FALSE),0.2)) | K23: =IF(OR(H23="",I23=""),"",H23*I23) | L23: =IF(K23="","",K23*J23) | M23: =IF(K23="","",K23+L23) | P23: =IF(OR(C23="",N23=""),"",IF(AND(N23<>"Payée",TODAY()>C23),TODAY()-C23,0)) | Q23: =IF('Produits_Stock'!A23="","",'Produits_Stock'!A23)
... G101: =IF(F101="","",IFERROR(VLOOKUP(F101,'Produits_Stock'!$A:$M,2,FALSE),"Référence inconnue")) | I101: =IF(F101="","",IFERROR(VLOOKUP(F101,'Produits_Stock'!$A:$M,12,FALSE),0)) | J101: =IF(F101="","",IFERROR(VLOOKUP(F101,'Produits_Stock'!$A:$M,13,FALSE),0.2)) | K101: =IF(OR(H101="",I101=""),"",H101*I101) | L101: =IF(K101="","",K101*J101) | M101: =IF(K101="","",K101+L101) | P101: =IF(OR(C101="",N101=""),"",IF(AND(N101<>"Payée",TODAY()>C101),TODAY()-C101,0)) | Q101: =IF('Produits_Stock'!A101="","",'Produits_Stock'!A101)
A102: TOTAL GÉNÉRAL | K102: =SUM(K2:K101) | L102: =SUM(L2:L101) | M102: =SUM(M2:M101)

Sheet Tableau_de_bord
A1: Tableau de bord — Stock & Facturation
A3: Indicateur | B3: Valeur
A4: Chiffre d’affaires HT | B4: =SUM('Factures'!$K$2:$K$101)
A5: Chiffre d’affaires TTC | B5: =SUM('Factures'!$M$2:$M$101)
A6: TVA collectée | B6: =SUM('Factures'!$L$2:$L$101)
A7: Nombre de factures | B7: =COUNTIF('Factures'!$A$2:$A$101,"<>")
A8: Panier moyen HT | B8: =IFERROR(AVERAGE('Factures'!$K$2:$K$101),0)
A9: Valeur totale du stock | B9: =SUM('Produits_Stock'!$N$2:$N$101)
A10: Articles à réapprovisionner | B10: =COUNTIF('Produits_Stock'!$O$2:$O$101,"À réapprovisionner")
A11: Taux de factures payées | B11: =IFERROR(COUNTIF('Factures'!$N$2:$N$101,"Payée")/COUNTIF('Factures'!$A$2:$A$101,"<>"),0)
A15: Synthèse par statut de paiement | B15: Nombre de factures | C15: Chiffre d’affaires TTC
A16: Payée | B16: =COUNTIF('Factures'!$N$2:$N$101,A16) | C16: =SUMIF('Factures'!$N$2:$N$101,A16,'Factures'!$M$2:$M$101)
A17: En attente | B17: =COUNTIF('Factures'!$N$2:$N$101,A17) | C17: =SUMIF('Factures'!$N$2:$N$101,A17,'Factures'!$M$2:$M$101)
A18: En retard | B18: =COUNTIF('Factures'!$N$2:$N$101,A18) | C18: =SUMIF('Factures'!$N$2:$N$101,A18,'Factures'!$M$2:$M$101)
A22: Synthèse du chiffre d’affaires HT par client | B22: Montant HT
A23: Café des Terreaux | B23: =IF(A23="","",SUMIF('Factures'!$D$2:$D$101,A23,'Factures'!$K$2:$K$101))
A24: Bureau Atlas | B24: =IF(A24="","",SUMIF('Factures'!$D$2:$D$101,A24,'Factures'!$K$2:$K$101))
A25: Hôtel Bellecour | B25: =IF(A25="","",SUMIF('Factures'!$D$2:$D$101,A25,'Factures'!$K$2:$K$101))
A26: Restaurant La Canopée | B26: =IF(A26="","",SUMIF('Factures'!$D$2:$D$101,A26,'Factures'!$K$2:$K$101))
A27: Épicerie du Port | B27: =IF(A27="","",SUMIF('Factures'!$D$2:$D$101,A27,'Factures'!$K$2:$K$101))
A28: SAS Horizon | B28: =IF(A28="","",SUMIF('Factures'!$D$2:$D$101,A28,'Factures'!$K$2:$K$101))
A29: Maison Léa | B29: =IF(A29="","",SUMIF('Factures'!$D$2:$D$101,A29,'Factures'!$K$2:$K$101))
A30: Atelier Nicolas | B30: =IF(A30="","",SUMIF('Factures'!$D$2:$D$101,A30,'Factures'!$K$2:$K$101))
A31: Bistrot Camille | B31: =IF(A31="","",SUMIF('Factures'!$D$2:$D$101,A31,'Factures'!$K$2:$K$101))
A32: SARL Martin | B32: =IF(A32="","",SUMIF('Factures'!$D$2:$D$101,A32,'Factures'!$K$2:$K$101))
B33: =IF(A33="","",SUMIF('Factures'!$D$2:$D$101,A33,'Factures'!$K$2:$K$101))
B34: =IF(A34="","",SUMIF('Factures'!$D$2:$D$101,A34,'Factures'!$K$2:$K$101))
B35: =IF(A35="","",SUMIF('Factures'!$D$2:$D$101,A35,'Factures'!$K$2:$K$101))
B36: =IF(A36="","",SUMIF('Factures'!$D$2:$D$101,A36,'Factures'!$K$2:$K$101))
B37: =IF(A37="","",SUMIF('Factures'!$D$2:$D$101,A37,'Factures'!$K$2:$K$101))
B38: =IF(A38="","",SUMIF('Factures'!$D$2:$D$101,A38,'Factures'!$K$2:$K$101))
B39: =IF(A39="","",SUMIF('Factures'!$D$2:$D$101,A39,'Factures'!$K$2:$K$101))
B40: =IF(A40="","",SUMIF('Factures'!$D$2:$D$101,A40,'Factures'!$K$2:$K$101))
B41: =IF(A41="","",SUMIF('Factures'!$D$2:$D$101,A41,'Factures'!$K$2:$K$101))
B42: =IF(A42="","",SUMIF('Factures'!$D$2:$D$101,A42,'Factures'!$K$2:$K$101))
B43: =IF(A43="","",SUMIF('Factures'!$D$2:$D$101,A43,'Factures'!$K$2:$K$101))
B44: =IF(A44="","",SUMIF('Factures'!$D$2:$D$101,A44,'Factures'!$K$2:$K$101))
... B122: =IF(A122="","",SUMIF('Factures'!$D$2:$D$101,A122,'Factures'!$K$2:$K$101))

Sheet Mode_emploi
A1: Mode d’emploi — Gestion stock & facturation
A3: Étape | B3: Instruction | C3: Point de contrôle
A4: 1 | B4: Ajouter ou modifier les produits dans Produits_Stock. | C4: Renseigner la référence, les stocks, les prix et le taux de TVA.
A5: 2 | B5: Saisir les ventes dans Factures avec une référence produit existante. | C5: La désignation, le prix HT et la TVA se complètent automatiquement.
A6: 3 | B6: Vérifier les statuts de paiement et les dates d’échéance. | C6: Le retard de paiement est calculé automatiquement pour les factures non payées.
A7: 4 | B7: Consulter Tableau_de_bord pour suivre l’activité commerciale et le stock. | C7: Les graphiques utilisent toutes les lignes de saisie préparées.
A8: 5 | B8: Vérifier les montants HT, TTC et le taux de TVA avant émission de la facture. | C8: Les montants sont exprimés en euros et les taux restent à confirmer selon le dossier.
A11: Repères | B11: Les cellules jaunes sont à saisir ou à modifier. Les cellules non jaunes sont calculées automatiquement. | C11: Les articles à réapprovisionner et les retards nécessitent une vérification.
